 Dungeon Crawl Stone Soup version 0.23.1 (webtiles) character file.

Game seed: 0

1365 Fang the Skirmisher (level 8, -1/78 HPs)
             Began as a Gargoyle Berserker on Mar 18, 2019.
             Was a Priest of Trog.
             Slain by an orc warrior
             ... wielding a +2 trident of venom
              (5 damage)
             ... on level 7 of the Dungeon on Mar 19, 2019.
             The game lasted 00:06:13 (6061 turns).

Fang the Skirmisher (Gargoyle Berserker)            Turns: 6061, Time: 00:06:13

Health: -1/78      AC: 18    Str: 29    XL:     8   Next: 65%
Magic:  8/8        EV:  9    Int:  7    God:    Trog [***...]
Gold:   328        SH:  0    Dex:  9    Spells: 7/7 levels left

rFire    + . .     SeeInvis .   a - +0 hand axe
rCold    + + .     Gourm    .   (no shield)
rNeg     + . .     Faith    .   o - +0 plate armour
rPois    ∞         Spirit   .   (no helmet)
rElec    +         Reflect  .   n - scarf {rC+ rF+}
rCorr    .         Harm     .   (no gloves)
MR       .....                  (no boots)
Stlth    ..........             (no amulet)
HPRegen  0.23/turn              u - ring of protection from cold
MPRegen  0.11/turn              (no ring)

@: berserking, very quick
A: negative energy resistance 1, electricity resistance, unbreathing,
petrification resistance, rot immunity, AC +5
a: Berserk, Trog's Hand, Renounce Religion


You were on level 7 of the Dungeon.
You worshipped Trog.
Trog was most pleased with you.
You were not hungry.

You visited 2 branches of the dungeon, and saw 8 of its levels.

You collected 328 gold pieces.

Inventory:

Hand Weapons
 a - a +0 hand axe (weapon)
Armour
 n - a scarf of resistance (worn)
 o - a +0 plate armour (worn)
Jewellery
 u - a ring of protection from cold (left hand)
 w - an uncursed ring of ice {unknown}
Wands
 s - a wand of paralysis (2)
 t - a wand of disintegration (9)
Scrolls
 d - 10 scrolls of identify {unknown}
 e - 6 scrolls of remove curse {unknown}
 i - 2 scrolls of random uselessness {unknown}
 j - 5 scrolls of teleportation {unknown}
 k - a scroll of enchant weapon {unknown}
 m - 2 scrolls of fear {unknown}
 r - a scroll of magic mapping {unknown}
 v - a scroll of amnesia {unknown}
Potions
 b - a potion of magic {unknown}
 f - 3 potions of might {unknown}
 g - 2 potions of curing
 h - a potion of flight {unknown}
 l - 2 potions of agility {unknown}
 p - a potion of heal wounds {unknown}
 q - a potion of berserk rage {unknown}
Comestibles
 c - 9 rations


   Skills:
 + Level 6.5 Fighting
 + Level 5.4 Axes
 + Level 6.0 Armour
 + Level 4.4 Dodging


You had 7 spell levels left.
You didn't know any spells.
Your spell library was empty.

Dungeon Overview and Level Annotations

Branches:
Dungeon (7/15)             Temple (1/1) D:5

Altars:
Dithmenos
Nemelex Xobeh
Ru
Trog
Uskayaw
Wu Jian
Xom
The Shining One


Innate Abilities, Weirdness & Mutations

You are resistant to torment.
Your stone body is resilient. (AC +5)
You are immune to poison.
You resist negative energy. (rN+)
You are resistant to electric shocks. (rElec)
You can survive without breathing.
You are immune to petrification.
You are immune to rotting.


Message History

You completely miss the orc. The killer bee barely misses you. x2
You hit the orc.
You kill the orc!
Trog accepts your kill.
Your plate armour prevents you from hitting the killer bee.
You closely miss the killer bee. The killer bee barely misses you. x2
The orc warrior completely misses you. The killer bee completely misses you.
The killer bee barely misses you.
The killer bee stings you but does no damage.
Things that are here:
a +0 mace; a +0 scale mail You slash the orc warrior!
The orc warrior is almost dead.
You slash the orc!
You kill the orc!
Trog accepts your kill.
Your plate armour prevents you from hitting the killer bee.
You closely miss the killer bee.
The orc warrior hits you with a +2 trident of venom.
You die...

#######.......###.##.#
#..............##.##.###
#.....?......#.##.......
#............#..####.###
#............##.# #.# #
#............##.. #.# #
#....†.......#.# #.# #
#...yy.......#.. #.# #
#...)@)......##.##.# #
#....o.......# #.# #
#.....>......# #
#............# #
#............# #
#............# #
............. #
.............. # #


You could see an orc warrior and 2 killer bees.

Vanquished Creatures
  Menkaure (D:7)
  2 ogres
  2 bullfrogs
  2 scorpions
  4 killer bees (D:7)
  A howler monkey (D:5)
  A crimson imp (D:5)
  3 orc priests
  2 hounds
  A bullfrog skeleton (D:6)
  2 iguanas
  3 orc wizards
  6 worker ants
  7 gnolls
  6 adders
  A shadow imp (D:5)
  2 oozes
  4 worms
  A dart slug (D:1)
  4 leopard geckos
  21 orcs
  6 bats
  2 giant cockroaches
  6 goblins
  4 hobgoblins
  11 jackals
  5 kobolds
  A quokka (D:4)
  5 frilled lizards
  A jackal skeleton (D:4)
  A jackal zombie (D:6)
  A leopard gecko skeleton (D:6)
  11 rats
130 creatures vanquished.

Notes
Turn   | Place    | Note
-------+----------+-------------------------------------------
     0 | D:1      | Fang the Gargoyle Berserker began the quest for the Orb.
     0 | D:1      | Reached XP level 1. HP: 14/14 MP: 1/1
    84 | D:1      | Reached XP level 2. HP: 11/19 MP: 2/2
   657 | D:2      | Reached XP level 3. HP: 18/23 MP: 3/3
   961 | D:2      | Reached XP level 4. HP: 25/29 MP: 4/4
  1124 | D:2      | Reached ** piety under Trog
  1142 | D:2      | Found a bloodstained altar of Trog.
  1491 | D:2      | Reached XP level 5. HP: 17/33 MP: 5/5
  1812 | D:2      | Found a sparkling altar of Nemelex Xobeh.
  2124 | D:3      | Noticed an ogre
  2139 | D:3      | Killed an ogre
  2139 | D:3      | Reached XP level 6. HP: 39/39 MP: 6/6
  2941 | D:4      | Reached skill level 5 in Fighting
  2941 | D:4      | Reached XP level 7. HP: 27/44 MP: 7/7
  3776 | D:4      | Found a sparkling altar of Nemelex Xobeh.
  3814 | D:5      | Entered Level 5 of the Dungeon
  3939 | D:5      | Reached *** piety under Trog
  4200 | D:5      | Found a staircase to the Ecumenical Temple.
  4348 | Temple   | Entered the Ecumenical Temple
  4608 | D:5      | Found a shadowy altar of Dithmenos.
  4775 | D:5      | Reached skill level 5 in Armour
  5208 | D:6      | Found a hide-covered altar of Uskayaw.
  5226 | D:6      | Reached XP level 8. HP: 25/51 MP: 8/8
  5444 | D:6      | Found an ornate altar of the Wu Jian Council.
  5753 | D:6      | Reached skill level 5 in Axes
  6045 | D:7      | Noticed Menkaure
  6057 | D:7      | Killed Menkaure
  6061 | D:7      | Slain by an orc warrior

Skill      XL: |  1  2  3  4  5  6  7  8 |
---------------+-------------------------+-----
Axes           | 3 4 5 |  5.4
Dodging        | 2 3 4 |  4.4
Armour         | 3 4 5 6 |  6.0
Fighting       | 4 5 6 |  6.5

Action                   |  1- 3 |  4- 6 |  7- 9 || total
-------------------------+-------+-------+-------++-------
Melee: Hand axe          |    90 |   178 |   298 ||   566
Invok: Berserk           |     1 |     4 |     3 ||     8
 Stab: Sleeping          |       |     2 |       ||     2
  Eat: Chunk             |     1 |     7 |    13 ||    21
       Ration            |       |     1 |       ||     1
Armor: Animal skin       |    32 |    49 |       ||    81
       Plate armour      |       |    19 |   256 ||   275
Dodge: Dodged            |    84 |   119 |   118 ||   321
